 Dungeon Crawl Stone Soup version 0.29.1-1-gd02db69 (webtiles) character file.

Game seed: 11403781731982777761

209 Timinator the Insei (level 5, -2/41 HPs)
             Began as a Demigod Transmuter on Jan 19, 2023.
             Slain by Prince Ribbit (12 damage)
             ... on level 5 of the Dungeon.
             The game lasted 00:10:58 (3820 turns).

Timinator the Insei (Demigod Transmuter)            Turns: 3820, Time: 00:10:59

Health: -2/41      AC:  8    Str: 11    XL:     5   Next: 30%
Magic:  11/12      EV: 12    Int: 15    God:
Gold:   40         SH:  5    Dex: 18    Spells: 7/10 levels left

rFire   . . .      SeeInvis .     - Unarmed
rCold   . . .      Faith    .   (no shield)
rNeg    . . .      Spirit   .   b - +0 leather armour
rPois   .          Reflect  +   (helmet currently unavailable)
rElec   .          Harm     .   j - +0 cloak
rCorr   .          Rampage  .   (no gloves)
Will    .....                   (boots currently unavailable)
Stlth   +.........              c - amulet of reflection
HPRegen 0.13/turn               f - +4 ring of protection
MPRegen 0.13/turn               n - ring of wizardry

@: appendages (expiring)
A: horns 2, talons 2, high MP 1, forlorn, divine attributes
a: End Transformation


You were on level 5 of the Dungeon.
You had temporarily grown beastly horns and talons.
You visited 1 branch of the dungeon, and saw 5 of its levels.

You collected 238 gold pieces.
You spent 198 gold pieces at shops.

Inventory:

Missiles
 o - 7 poisoned darts (quivered)
Armour
 b - a +0 leather armour (worn)
 j - a +0 cloak (worn)
 s - a +0 ring mail
Jewellery
 c - an amulet of reflection (around neck)
 f - a +4 ring of protection (left hand)
 n - a ring of wizardry (right hand)
Wands
 p - a wand of roots (11)
 t - a wand of charming (15)
Scrolls
 a - a scroll of enchant armour {unknown}
 d - 2 scrolls of blinking {unknown}
 e - 2 scrolls of teleportation {unknown}
 g - 5 scrolls of identify {unknown}
 q - a scroll of silence {unknown}
Potions
 h - a potion of mutation {unknown}
 i - 5 potions of heal wounds {unknown}
 k - 3 potions of curing
 l - a potion of lignification
 m - 2 potions of might
 r - a potion of berserk rage
 u - a potion of attraction {unknown}


   Skills:
 + Level 1.7 Fighting
 + Level 1.4 Armour
 + Level 2.4 Dodging
 * Level 3.6 Unarmed Combat
 - Level 3.0 Spellcasting
 + Level 2.4 Transmutations


You had 7 spell levels left.
You knew the following spells:

 Your Spells              Type           Power      Damage    Failure   Level
a - Beastly Appendage     Tmut           18%        N/A       4%          1
b - Wereblood             Tmut           9%         N/A       6%          2

Your spell library contained the following spells:

 Spells                   Type           Power      Damage    Failure   Level
 Magic Dart               Conj           8%         1d3       11%         1
 Poisonous Vapours        Pois/Air       4%         N/A       16%         2
 Searing Ray              Conj           4%         2d4       16%         2
 Spider Form              Tmut/Pois      5%         N/A       19%         3
 Gell's Gravitas          Tloc           2%         N/A       30%         3
 Lesser Beckoning         Tloc           2%         N/A       30%         3
 Teleport Other           Tloc           2%         N/A       30%         3
 Ice Form                 Ice/Tmut       5%         N/A       52%         4
 Corpse Rot               Necr/Pois/Air  2%         N/A       67%         4
 Fulminant Prism          Conj/Hex       1%         3d6       67%         4


Dungeon Overview and Level Annotations

Branches:
Dungeon (5/15)
 Temple: D:4-7

Shops:
D:2 [   D:3 **[!

Annotations:
D:5 Prince Ribbit


Innate Abilities, Weirdness & Mutations

You have temporarily grown beastly horns and talons.
You have an increased reservoir of magic. (+10% MP)
You shall have no god before yourself.
Your divine heritage dramatically boosts your attributes as you level up.


Message History

You closely miss Prince Ribbit. Your kick misses Prince Ribbit.
Prince Ribbit is lightly wounded.
You block Prince Ribbit's attack.
You hit Prince Ribbit. Your kick misses Prince Ribbit.
Prince Ribbit is lightly wounded.
Prince Ribbit hits you!
You barely miss Prince Ribbit. Your headbutt misses Prince Ribbit.
Prince Ribbit is lightly wounded.
Prince Ribbit hits you but does no damage.
You hit Prince Ribbit. Your kick misses Prince Ribbit.
Prince Ribbit is moderately wounded.
You block Prince Ribbit's attack.
Prince Ribbit hits you but does no damage.
You hit Prince Ribbit but do no damage. Your kick misses Prince Ribbit.
Prince Ribbit is moderately wounded.
Prince Ribbit hits you!
You hit Prince Ribbit. You claw Prince Ribbit.
Prince Ribbit is heavily wounded.
Your transformation is almost over.
Prince Ribbit misses you.
You closely miss Prince Ribbit. You claw Prince Ribbit.
You headbutt Prince Ribbit.
Prince Ribbit is severely wounded.
Prince Ribbit blinks!
Prince Ribbit blinks!
Casting: Beastly Appendage (safe; 4% risk of failure)
Confirm with . or Enter, or press ? or * to list all spells.
You extend your transformation's duration.
Found 6 stones.
You barely miss Prince Ribbit. Your kick misses Prince Ribbit.
Prince Ribbit is severely wounded.
Your transformation is almost over.
Prince Ribbit hits you!
You hit Prince Ribbit. Your headbutt misses Prince Ribbit.
Prince Ribbit is severely wounded.
Prince Ribbit hits you!
* * * LOW HITPOINT WARNING * * *
Prince Ribbit hops awkwardly around.
Prince Ribbit hits you!
You die...

### ... #.# #.#
# ###.# .# ...#
.#
#.####.###.#####
#....F@.........
..............#
######.##<....#
#. #.....# #.
#.....# #.
......... #.
.........
(..........#
#..#####.#


You could see Prince Ribbit.

Vanquished Creatures
  Terence (D:2)
  3 adders
  5 gnolls (D:4)
  A worm (D:2)
  3 dart slugs
  An orc (D:3)
  10 ball pythons
  7 bats
  5 endoplasms
  A giant cockroach (D:2)
  10 goblins
  12 hobgoblins
  7 jackals
  7 kobolds
  5 quokkas
  3 frilled lizards
  6 rats
87 creatures vanquished.

Vanquished Creatures (others)
  A plant (D:1)
1 creature vanquished.

Grand Total: 88 creatures vanquished

Notes
Turn   | Place    | Note
-------+----------+-------------------------------------------
     0 | D:1      | Timinator the Demigod Transmuter began the quest for the
                  | Orb.
     0 | D:1      | Reached XP level 1. HP: 15/15 MP: 5/5
    87 | D:1      | Reached skill level 1 in Fighting
   251 | D:1      | Reached XP level 2. HP: 23/23 MP: 7/7
  1027 | D:2      | Reached XP level 3. HP: 27/28 MP: 8/8
  1310 | D:2      | Noticed Terence
  1333 | D:2      | Killed Terence
  1334 | D:2      | Reached skill level 1 in Armour
  1388 | D:2      | Reached XP level 4. HP: 22/35 MP: 8/10
  1859 | D:2      | Found Halluxox's Antique Armour Shoppe.
  1891 | D:3      | Found Wamneg's Distillery.
  1898 | D:3      | Bought a potion of curing for 33 gold pieces
  1898 | D:3      | Bought a potion of curing for 33 gold pieces
  1898 | D:3      | Bought a potion of lignification for 33 gold pieces
  1898 | D:3      | Bought a potion of might for 44 gold pieces
  1928 | D:3      | Learned a level 2 spell: Wereblood
  2031 | D:3      | Found Zozuxaur's Antique Armour Boutique.
  2311 | D:3      | Found Cyahuwos's Assorted Antiques.
  2359 | D:3      | Bought a potion of berserk rage for 55 gold pieces
  2589 | D:3      | Found Viyte's Assorted Antiques.
  2861 | D:4      | Reached XP level 5. HP: 40/40 MP: 12/12
  3804 | D:5      | Entered Level 5 of the Dungeon
  3804 | D:5      | Noticed Prince Ribbit
  3820 | D:5      | Slain by Prince Ribbit

Illustrated notes

Levels and vault maps discovered:
D:1:      lightli_arrival_boilingwater, layout_basic,
          dreamdust_ecumenical_altar_grove, roderic_roman_lattice,
          nrook_mini_backslash, minmay_shallow_snake_nest
D:2:      layout_rooms, serial_shops, shop, grunt_ministairs_1, minmay_between,
          uniq_terence
D:3:      layout_basic, serial_shops, nicolae_square_shop, nicolae_shop_crystal,
          shop, nicolae_shop_waterfront, minmay_fractal_squares_5
D:4:      layout_loops_corners
D:5:      layout_loops_ring, kennysheep_windowed_goal, uniq_prince_ribbit1

Skill      XL: |  1  2  3  4  5 |
---------------+----------------+-----
Fighting       | 1 |  1.7
Spellcasting   | 2 3 |  3.0
Unarmed Combat | 3 |  3.6
Dodging        | 2 |  2.4
Transmutations | 2 |  2.4
Armour         | 1 |  1.4

Action                   |  1- 3 |  4- 6 || total
-------------------------+-------+-------++-------
Melee: Unarmed           |   111 |   136 ||   247
       Kick              |    16 |    31 ||    47
       Punch             |     4 |     5 ||     9
       Headbutt          |     4 |    24 ||    28
 Cast: Beastly Appendage |    20 |    24 ||    44
       Wereblood         |       |     3 ||     3
  Use: Potion            |     1 |       ||     1
Armor: Robe              |    26 |     4 ||    30
       Skin              |    19 |       ||    19
       Leather armour    |       |    32 ||    32
Dodge: Dodged            |    51 |    62 ||   113
Block: Other             |    22 |    21 ||    43
